 Dungeon Crawl Stone Soup version 0.31.0-11-ge490571c62 (webtiles) character file.

Game seed: 3036890139613321425

411 Gadfly the Insei (level 6, -6/47 HPs)
             Began as a Demonspawn Monk on Feb 2, 2024.
             Killed by divine providence
             ... invoked by an orc priest
              (11 damage)
             ... on level 4 of the Dungeon.
             The game lasted 00:04:40 (3682 turns).

Gadfly the Insei (Demonspawn Monk)                  Turns: 3682, Time: 00:04:41

Health: -6/47      AC:  6    Str: 14    XL:     6   Next: 58%
Magic:  6/6        EV: 10    Int: 10    God:
Gold:   154        SH:  0    Dex: 17    Spells: 3/5 levels left

rFire   . .          .
                       - Unarmed
rCold   . . .        c - orb {light}
rNeg    . . .        a - +0 robe
rPois   .            j - +0 helmet
rElec   .            (no cloak)
rCorr   .            l - +2 pair of gloves
SInv    .            (no boots)
Will    .....        (no amulet)
Stlth   +            (no ring)
HPRegen 0.27/turn    (no ring)
MPRegen 0.10/turn

%: no passive effects
@: glowing, constricted
A: claws 1, thin skeletal structure 1, demonic guardian 1
a: no special abilities


You were on level 4 of the Dungeon.
You visited 1 branch of the dungeon, and saw 4 of its levels.

You collected 154 gold pieces.

Inventory:

Armour
 a - a +0 robe (worn)
 c - an orb of light (worn)
 j - a +0 helmet (worn)
 l - a +2 pair of gloves (worn)
Jewellery
 f - an amulet of reflection
Wands
 k - a wand of flame (20) (quivered)
Scrolls
 h - 5 scrolls of teleportation
Potions
 b - a potion of ambrosia
 d - a potion of enlightenment
 e - 2 potions of curing
 g - a potion of might
 o - 2 potions of attraction


   Skills:
 - Level 3.0 Fighting
 + Level 3.6 Dodging
 + Level 4.2 Unarmed Combat
 * Level 3.3 Evocations
 * Level 2.8 Shapeshifting


You had 3 spell levels left.
You knew the following spells:

 Your Spells              Type           Power      Damage    Failure   Level
a - Blink                 Tloc           0%         N/A       50%         2

Your spell library contained the following spells:

 Spells                   Type           Power      Damage    Failure   Level
 Kiss of Death            Conj/Necr      0%         2d5       36%         1
 Lesser Beckoning         Tloc           0%         N/A       50%         2
 Momentum Strike          Conj/Tloc      0%         3d8       50%         2
 Confusing Touch          Hex            0%         N/A       75%         3
 Gell's Gravitas          Tloc           0%         N/A       75%         3
 Teleport Other           Tloc           0%         N/A       75%         3
 Dispel Undead            Necr           0%         3d6       98%         4
 Vhi's Electric Charge    Tloc/Air       0%         N/A       98%         4
 Arcjolt                  Conj/Air       0%         1d10      100%        5
 Maxwell's Capacitive Co  Air            0%         ∞         100%        8


Dungeon Overview and Level Annotations

Branches:
Dungeon (4/15)
 Temple: D:4-7

Altars:
Ashenzari
Dithmenos
Okawaru
Trog


Innate Abilities, Weirdness & Mutations

You have sharp fingernails.
You have a somewhat thin skeletal structure. (Dex +2, Stealth+)
A weak demonic guardian rushes to your aid.


Message History

Beogh smites you!
* * * LOW HITPOINT WARNING * * *
You barely miss the orc priest.
The orc priest is almost dead.
The giant cockroach bites you but does no damage.
The ball python barely misses you. The ball python constricts you.
* * * LOW HITPOINT WARNING * * *
The orc hits you but does no damage.
The orc priest calls down the wrath of Beogh upon you.
Beogh smites you!
* * * LOW HITPOINT WARNING * * *
A demonic guardian appears!
The giant cockroach closely misses you. The ball python misses you.
The ball python constricts you.
* * * LOW HITPOINT WARNING * * *
You feel much better. The orc hits you with a +0 mace.
The orc priest casts a cantrip, but nothing happens.
The giant cockroach closely misses you. The ball python closely misses you.
The ball python constricts you.
You barely miss the orc priest.
The orc priest is almost dead.
The orc priest calls down the wrath of Beogh upon you.
Beogh smites you!
* * * LOW HITPOINT WARNING * * *
The orc barely misses you.
Your iron imp closely misses the orc.
The giant cockroach barely misses you. The ball python misses you.
The ball python constricts you.
You hit the orc priest but do no damage.
The orc priest is almost dead.
The giant cockroach bites you but does no damage.
The orc hits you with a +0 mace.
* * * LOW HITPOINT WARNING * * *
The orc priest closely misses you.
Your iron imp hits the orc.
The ball python bites you but does no damage.
The ball python constricts you.
You completely miss the orc priest.
The orc priest is almost dead.
The giant cockroach closely misses you. The orc closely misses your iron imp.
The orc priest calls down the wrath of Beogh upon you.
Beogh smites you!
You die...

... ~♣~P.# ~~P~... ..
.~~ P# .~.~~~...
##.#.P~~~#..~~♣~....
##...P~♣~P~P~P♣~~~...
#.....P~♣PPPP~~~.....
#...#.~~♣♣P♣≈≈~~....
#.Bo5.P~~~♣≈♣~~~....
.?.##.S@.#PP~≈♣≈♣~~.....
......o...#P~~≈~~~~.....
............P~~~~~~...#[
............PP~~~~#..##.
.....##..#..PPP.P...###.
..... ##.#.....##...#...
.... #.............#...
........................
.......##<..............


You could see an orc priest, an orc (distracted, ally target), a giant
cockroach, a ball python and a friendly iron imp (summoned).

Vanquished Creatures
  A howler monkey (D:4)
  2 orc wizards (D:4)
  A gnoll (D:1)
  6 adders
  3 ribbon worms
  A dart slug (D:4)
  5 orcs (D:4)
  8 ball pythons
  8 bats
  8 endoplasms
  4 giant cockroaches
  7 goblins
  9 hobgoblins
  4 jackals
  4 quokkas
  2 frilled lizards
  4 kobolds
  9 rats
86 creatures vanquished.

Vanquished Creatures (collateral kills)
  Sigmund (D:2)
1 creature vanquished.

Grand Total: 87 creatures vanquished

Notes
Turn   | Place    | Note
-------+----------+-------------------------------------------
     0 | D:1      | Gadfly the Demonspawn Monk began the quest for the Orb.
     0 | D:1      | Reached XP level 1. HP: 18/18 MP: 1/1
   107 | D:1      | Gained mutation: You have a somewhat thin skeletal
                  | structure. (Dex +2, Stealth+) [demonic ancestry]
   107 | D:1      | Reached XP level 2. HP: 9/24 MP: 2/2
   198 | D:1      | Reached skill level 1 in Evocations
   302 | D:1      | Reached skill level 3 in Unarmed Combat
   310 | D:1      | Reached skill level 1 in Shapeshifting
   372 | D:1      | Gained mutation: A weak demonic guardian rushes to your
                  | aid. [demonic ancestry]
   372 | D:1      | Reached XP level 3. HP: 6/29 MP: 3/3
  1267 | D:1      | Learned a level 2 spell: Blink
  1477 | D:2      | Noticed Sigmund
  1489 | D:2      | Killed Sigmund
  1490 | D:2      | Reached XP level 4. HP: 10/35 MP: 4/4
  1490 | D:2      | Reached XP level 5. HP: 12/41 MP: 5/5
  2387 | D:3      | Reached skill level 4 in Unarmed Combat
  2650 | D:3      | Gained mutation: You have sharp fingernails. [demonic
                  | ancestry]
  2650 | D:3      | Reached XP level 6. HP: 43/47 MP: 6/6
  2768 | D:3      | Found a bloodstained altar of Trog.
  2768 | D:3      | Found a shadowy altar of Dithmenos.
  2769 | D:3      | Found an iron altar of Okawaru.
  3125 | D:3      | Found a broken altar of Ashenzari.
  3678 | D:4      | HP: 2/47 [orc priest/divine providence (10)]
  3682 | D:4      | Killed from afar by an orc priest

Illustrated notes

Levels and vault maps discovered:
D:1:      nzn_arrival_settlement, layout_basic, serial_park_tiny_1,
          minmay_bisected
D:2:      layout_rooms, minmay_misc_feat_enclosed, minmay_pentomino_z2,
          uniq_sigmund
D:3:      layout_basic, nicolae_overflow_quartered_altars
D:4:      layout_cave_pools, serial_bayou, serial_bayou_shore_a,
          serial_bayou_crossing, serial_bayou_lagoon_a, serial_bayou_pond_e,
          serial_bayou_shore_b, serial_bayou_lake_a

Skill      XL: |  1  2  3  4  5  6 |
---------------+-------------------+-----
Evocations     | 1 2 3 |  3.3
Unarmed Combat | 3 4 |  4.2
Shapeshifting  | 1 2 |  2.8
Dodging        | 3 |  3.6
Fighting       | |  3.0

Action                     |  1- 3 |  4- 6 || total
---------------------------+-------+-------++-------
  Melee: Unarmed           |   150 |   182 ||   332
    Use: Scroll            |     4 |     6 ||    10
         Potion            |     1 |     4 ||     5
   Stab: Sleeping          |     2 |     1 ||     3
 Armour: Robe              |    73 |    95 ||   168
  Dodge: Dodged            |   124 |   122 ||   246
